 Dungeon Crawl Stone Soup version 0.24-a0-521-g122614bf49 (webtiles) character file.

Game seed: 11252491457584030892

51 GordonOverkill the Firebug (level 3, -6/29 HPs)
             Began as a Demigod Fire Elementalist on July 30, 2019.
             Killed from afar by an orc wizard (7 damage)
             ... with a magic dart
             ... on level 2 of the Dungeon.
             The game lasted 00:02:39 (1299 turns).

GordonOverkill the Firebug (DgFE)                   Turns: 1299, Time: 00:02:40

Health: -6/29      AC:  3    Str: 13    XL:     3   Next: 36%
Magic:  2/8        EV: 13    Int: 19    God:
Gold:   100        SH:  0    Dex: 16    Spells: 4/5 levels left

rFire    . . .     SeeInvis .   n - +0 hand axe
rCold    . . .     Gourm    .   (no shield)
rNeg     . . .     Faith    .   a - +0 robe
rPois    .         Spirit   .   g - +0 helmet
rElec    .         Reflect  .   (no cloak)
rCorr    .         Harm     .   (no gloves)
MR       .....                  (no boots)
Stlth    ++........             (no amulet)
HPRegen  0.09/turn              (no ring)
MPRegen  0.11/turn              (no ring)

@: very slightly contaminated, slowed, very slow
A: high mp 1
a: no special abilities


You were on level 2 of the Dungeon.
You were not hungry.

You visited 1 branch of the dungeon, and saw 2 of its levels.

You collected 100 gold pieces.

Inventory:

Hand Weapons
 n - a +0 hand axe (weapon)
Missiles
 e - 33 stones (quivered)
Armour
 a - a +0 robe (worn)
 g - a +0 helmet (worn)
 k - a +0 ring mail
Scrolls
 b - a scroll of blinking {unknown}
 f - a scroll of identify {unknown}
 i - 2 scrolls of fog {unknown}
 j - a scroll of remove curse {unknown}
 m - a scroll of magic mapping {unknown}
Potions
 d - a potion of degeneration {unknown}
 l - 2 potions of flight {unknown}
Comestibles
 c - 5 rations


   Skills:
 + Level 1.8 Fighting
 + Level 0.3 Axes
 + Level 1.8 Armour
 - Level 2.0 Dodging
 - Level 1.7 Stealth
 - Level 1.7 Spellcasting
 - Level 0.8 Conjurations
 - Level 2.6 Fire Magic


You had 4 spell levels left.
You knew the following spells:

 Your Spells              Type           Power        Failure   Level  Hunger
a - Flame Tongue          Conj/Fire      #....        9%          1    #......

Your spell library contained the following spells:

 Spells                   Type           Power        Failure   Level  Hunger
 Throw Flame              Conj/Fire      #.....       13%         2    ###....
 Conjure Flame            Conj/Fire      #.......     26%         3    ###....
 Inner Flame              Hex/Fire       #.......     30%         3    ###....
 Sticky Flame             Conj/Fire      #.......     63%         4    #####..
 Fireball                 Conj/Fire      #.........   93%         5    ######.


Dungeon Overview and Level Annotations

Branches:
Dungeon (2/15)


Innate Abilities, Weirdness & Mutations

You have an increased reservoir of magic. (+10% MP)


Message History

The orc wizard gestures at you while chanting.
You feel yourself slow down.
The orc wizard hits you with a +0 dagger.
* * * LOW HITPOINT WARNING * * *
The orc barely misses you.
You miss the orc wizard.
The orc wizard is almost dead.
You hit the orc.
You kill the orc!
The bat misses you.
The orc wizard gestures at you while chanting.
You feel as though you will be slow longer.
The orc wizard hits you but does no damage. x2
You hit the orc wizard but do no damage.
The orc wizard is almost dead.
The bat barely misses you.
The orc wizard hits you but does no damage.
The orc wizard casts a spell at you. The magic dart hits you!
You die...

#.# #.# #.# #.#
######.######
#...........#
#.####.####..
#######.# #...#
###
#o@.....##.....#
#)#########...##
#b# ##.## #.#
#.# ... #.# #.#
#+# ... #.# #..


You could see an orc wizard and a bat.

Vanquished Creatures
  An adder (D:2)
  2 dart slugs (D:1)
  2 leopard geckos (D:1)
  2 orcs (D:2)
  2 bats
  3 giant cockroaches (D:1)
  4 goblins (D:1)
  4 hobgoblins (D:1)
  3 jackals (D:1)
  2 kobolds (D:1)
  A frilled lizard (D:1)
  5 rats (D:1)
31 creatures vanquished.

Notes
Turn   | Place    | Note
-------+----------+-------------------------------------------
     0 | D:1      | GordonOverkill the Demigod Fire Elementalist began the
                  | quest for the Orb.
     0 | D:1      | Reached XP level 1. HP: 14/14 MP: 5/5
   276 | D:1      | Reached XP level 2. HP: 22/22 MP: 2/7
   366 | D:1      | Reached skill level 1 in Fighting
   366 | D:1      | Reached skill level 1 in Armour
   907 | D:1      | Reached XP level 3. HP: 28/28 MP: 4/8
  1017 | D:1      | Found a sparkling altar of Nemelex Xobeh.
  1297 | D:2      | HP: 1/29 [orc wizard/+0 dagger (4)]
  1299 | D:2      | Killed from afar by an orc wizard

Levels and vault maps discovered:
D:1:      ncdulo_halloftheorcs, layout_basic, nrook_mini_backslash,
          nrook_mini_vaults, kennysheep_crisscross, serial_park_tiny_1,
          nemelex_diamond_rough_becter
D:2:      layout_loops_corners, uniq_robin

Skill      XL: |  1  2 |
---------------+-------+-----
Dodging        | 2 |  2.0
Fighting       | 1 |  1.8
Armour         | 1 |  1.8
Axes           | |  0.3
Stealth        | |  1.7
Spellcasting   | |  1.7
Conjurations   | |  0.8
Fire Magic     | |  2.6

Action                   || total
-------------------------++-------
Melee: Unarmed           ||     3
       Hand axe          ||    11
Throw: Stone             ||    22
 Cast: Flame Tongue      ||    54
  Eat: Chunk             ||     2
Armor: Robe              ||     7
Dodge: Dodged            ||    23

Table legend:
 A = Non-vault XP
 B = Vault XP
 C = Vault XP percentage of total XP
 D = Non-vault monster count
 E = Vault monster count
 F = Vault count percentage of total count
                 A         B        C        D         E       F
            +---------+---------+-------+---------+---------+-------
      Total |      73 |       0 |   0.0 |      31 |       0 |   0.0
            +---------+---------+-------+---------+---------+-------
        D:1 |      52 |       0 |   0.0 |      27 |       0 |   0.0
        D:2 |      21 |       0 |   0.0 |       4 |       0 |   0.0
            +---------+---------+-------+---------+---------+-------
